 Dungeon Crawl Stone Soup version 0.28-a0-793-g31680bbd8b (webtiles) character file.

Game seed: 9194885512381894742

133 siradein the Ducker (level 4, -2/34 HPs)
             Began as a Demonspawn Gladiator on Nov 5, 2021.
             Killed from afar by Ijyb (8 damage)
             ... with an iceblast
             ... on level 3 of the Dungeon.
             The game lasted 00:06:56 (3270 turns).

siradein the Ducker (Demonspawn Gladiator)          Turns: 3270, Time: 00:06:57

Health: -2/34      AC:  6    Str: 14    XL:     4   Next: 93%
Magic:  4/4        EV: 11    Int: 10    God:
Gold:   162        SH:  0    Dex: 15    Spells: 3/3 levels left

rFire   . . .      SeeInvis .   a - +0 long sword
rCold   . . .      Faith    .   (no shield)
rNeg    . . .      Spirit   .   e - +0 ring mail
rPois   .          Reflect  .   c - +0 helmet
rElec   .          Harm     .   (no cloak)
rCorr   .          Rampage  .   (no gloves)
Will    .....                   (no boots)
Stlth   +.........              (no amulet)
HPRegen 0.11/turn               (no ring)
MPRegen 0.09/turn               (no ring)

@: no status effects
A: claws 1, demonic magic 1
a: no special abilities


You were on level 3 of the Dungeon.
You visited 1 branch of the dungeon, and saw 3 of its levels.

You collected 162 gold pieces.

Inventory:

Hand Weapons
 a - a +0 long sword (weapon)
 p - a +2 dagger of venom
Missiles
 d - 3 throwing nets
 k - 16 poisoned darts (quivered)
 r - 6 curare-tipped darts
Armour
 c - a +0 helmet (worn)
 e - a +0 ring mail (worn)
Scrolls
 b - a scroll of blinking {unknown}
 f - 4 scrolls of amnesia {unknown}
 g - a scroll of enchant armour {unknown}
 h - 3 scrolls of identify {unknown}
 i - a scroll of noise {unknown}
 j - a scroll of enchant weapon {unknown}
 l - a scroll of teleportation {unknown}
 m - a scroll of magic mapping {unknown}
 q - a scroll of fear {unknown}
Potions
 n - a potion of experience {unknown}
 o - a potion of brilliance {unknown}


   Skills:
 + Level 2.9 Fighting
 + Level 3.3 Long Blades
 + Level 2.6 Throwing
 + Level 1.1 Armour
 + Level 3.4 Dodging


You had 3 spell levels left.
You didn't know any spells.
Your spell library contained the following spells:

 Spells                   Type           Power      Damage    Failure   Level
 Corpse Rot               Necr/Air       0%         N/A       75%         2
 Dispel Undead            Necr           0%         3d6       100%        4
 Death Channel            Necr           0%         N/A       100%        6


Dungeon Overview and Level Annotations

Branches:
Dungeon (3/15)

Altars:
Dithmenos

Shops:
D:1 (

Annotations:
D:3 Ijyb


Innate Abilities, Weirdness & Mutations

You have sharp fingernails.
Spells you cast may paralyse adjacent enemies.


Message History

The bat barely misses you. The endoplasm closely misses you.
The endoplasm hits you.
You hit the endoplasm.
You kill the endoplasm!
The bat hits you but does no damage.
You completely miss the bat. The bat barely misses you.
You closely miss the bat. The bat barely misses you.
The bat closely misses you.
You closely miss the bat. The bat barely misses you.
You barely miss the bat. The bat closely misses you.
You hit the bat.
You kill the bat!
No target in view!
No target in view!
No target in view!
A rat comes into view.
A rat is nearby!
A rat is nearby!
A rat is nearby!
A rat is nearby!
A rat is nearby!
The rat bites you but does no damage.
You slash the rat!
You kill the rat!
No target in view!
No target in view!
No target in view!
Ijyb the Twisted Goblin comes into view.
She is wielding a +0 dagger and carrying a wand of iceblast (11).
Ijyb shouts!
Ijyb screams, "Me very upset!"
Ijyb zaps a wand.
The mass of ice explodes!
The iceblast engulfs you!
Ijyb is nearby!
Ijyb is nearby!
Ijyb is nearby!
Ijyb is nearby!
Ijyb zaps a wand.
The mass of ice explodes!
The iceblast engulfs you!!
Ouch! That really hurt!
* * * LOW HITPOINT WARNING * * *
Ijyb zaps a wand.
The mass of ice explodes!
The iceblast engulfs you!
You die...

... #. .. ####. ### ##g #....
#.# #.# #.##. #.# #.# #.##.
#.. #.# #.##. #.########g##
#.##. #.##........# #.##.
####.##@#####..# #.... ###
######........####..########.
..#
#.......#.#..###.............
#.# #.####....#†##
#.#.#.######## #.###.#
#...##.# #.#.#.# #.. #.....#
#..###.# #.#.#.# #.# #######
#..###.# #.....# #.# #......#
#.....# #.# ####### ##.#####
##...## #.#


You could see Ijyb.

Vanquished Creatures
  A hound skeleton (D:3)
  4 adders
  3 worms
  A dart slug (D:2)
  2 orcs
  6 endoplasms
  5 giant cockroaches
  A goblin (D:1)
  4 hobgoblins
  6 jackals
  9 kobolds
  3 quokkas (D:1)
  7 ball pythons
  9 bats
  A frilled lizard (D:3)
  8 rats
70 creatures vanquished.

Notes
Turn   | Place    | Note
-------+----------+-------------------------------------------
     0 | D:1      | siradein the Demonspawn Gladiator began the quest for the
                  | Orb.
     0 | D:1      | Reached XP level 1. HP: 16/16 MP: 1/1
   216 | D:1      | Found Henap's Antique Weapon Boutique.
   372 | D:1      | Gained mutation: You have sharp fingernails. [demonic
                  | ancestry]
   372 | D:1      | Reached XP level 2. HP: 22/22 MP: 2/2
  1062 | D:1      | Found a faded altar of an unknown god.
  1275 | D:2      | Gained mutation: Spells you cast may paralyse adjacent
                  | enemies. [demonic ancestry]
  1275 | D:2      | Reached XP level 3. HP: 28/28 MP: 3/3
  1893 | D:2      | Reached XP level 4. HP: 29/34 MP: 4/4
  2833 | D:3      | Found a shadowy altar of Dithmenos.
  2878 | D:3      | Reached skill level 1 in Armour
  3262 | D:3      | Noticed Ijyb
  3270 | D:3      | Killed from afar by Ijyb

Illustrated notes

Levels and vault maps discovered:
D:1:      tarquinn_simple_flora_water_e, layout_loops_ring,
          shapermc_ecumenical_altar_mp_vishouse, serial_shops,
          nicolae_shop_waterfront, chequers_decorated_corner, minmay_tall_x
D:2:      minmay_diamond_boxcup, layout_basic, hangedman_decor_push,
          minmay_misc_feat_enclosed
D:3:      layout_loops_cross, grunt_dithmenos_smoke, minitemple, minivault_25,
          st_stairs_10, uniq_ijyb

Skill      XL: |  1  2  3  4 |
---------------+-------------+-----
Throwing       | 2 |  2.6
Dodging        | 3 |  3.4
Long Blades    | 3 |  3.3
Armour         | 1 |  1.1
Fighting       | |  2.9

Action                   |  1- 3 |  4- 6 || total
-------------------------+-------+-------++-------
Melee: Long sword        |   122 |    94 ||   216
       Dagger            |       |     7 ||     7
  Use: Potion            |       |     1 ||     1
Armor: Ring mail         |    60 |    64 ||   124
       Leather armour    |     2 |       ||     2
Dodge: Dodged            |    91 |    70 ||   161

Table legend: (Time is in decaauts)
 A = Elapsed time spent in this place.
 B = Non-inter-level travel time spent in this place.
 C = Inter-level travel time spent in this place.
 D = Time resting spent in this place.
 E = Time spent auto-exploring this place.
 F = Levels seen in this place.
 G = Mean time per level.
                   A        B        C        D        E       F      G
               +--------+--------+--------+--------+--------+-----+--------+
         Total |   3319 |   3268 |     51 |      0 |   2693 |   3 | 1106.3 |
       Dungeon |   3319 |   3268 |     51 |      0 |   2693 |   3 | 1106.3 |
               +--------+--------+--------+--------+--------+-----+--------+

Top non-repeatable levels by time:
     D:2: 1478 daAuts
     D:1: 1285 daAuts
     D:3: 555 daAuts
